 Dungeon Crawl Stone Soup version 0.20-a0-390-g4892b34 (webtiles) character file.

179 Kareekexe the Chiller (level 5, 0/35 HPs)
             Began as an Octopode Ice Elementalist on Dec 30, 2016.
             Killed from afar by Tungsten's ghost (12 damage)
             ... with a stone arrow
             ... on level 3 of the Dungeon.
             The game lasted 00:10:48 (3192 turns).

Kareekexe the Chiller (Octopode Ice Elementalist)   Turns: 3192, Time: 00:10:49

Health: 0/35       AC:  1    Str:  7    XL:     5   Next: 59%
Magic:  2/9        EV: 14    Int: 18    God:
Gold:   164        SH:  0    Dex: 13    Spells: 2/10 levels left

rFire  . . .     SeeInvis .     (no weapon)
rCold  . . .     Gourm    .     (no shield)
rNeg   . . .     Faith    .     (helmet restricted)
rPois  +         Spirit   .     n - amulet of regeneration
rElec  .         Reflect  .     d - ring of poison resistance
rCorr  .         Harm     .     (no ring)
MR     .....                    (no ring)
Stlth  +++.......               (no ring)
                                (no ring)
                                (no ring)
                                (no ring)
                                (no ring)

@: no status effects
A: almost no armour, stealthy swim, amphibious, 8 rings, constrict 8, camouflage
1, gelatinous body 1
a: no special abilities


You were on level 3 of the Dungeon.
You were not hungry.

You visited 1 branch of the dungeon, and saw 3 of its levels.

You collected 164 gold pieces.

Inventory:

Jewellery
 d - a ring of poison resistance (left tentacle)
 n - an amulet of regeneration (around mantle)
Wands
 m - a wand of polymorph (10/24)
Scrolls
 e - 3 scrolls of remove curse {unknown}
 f - 2 scrolls of fear {unknown}
 g - 3 scrolls of identify {unknown}
 h - 2 scrolls of teleportation {unknown}
 i - a scroll of immolation {unknown}
 l - 2 scrolls of random uselessness {unknown}
 r - a scroll of magic mapping {unknown}
Potions
 j - 2 potions of curing {unknown}
 o - a potion of flight {unknown}
 p - a potion of lignification {unknown}
Books
 a - a book of Frost

   Spells                             Type                      Level
   a - Freeze                         Ice                          1
   b - Throw Frost                    Conjuration/Ice              2
   c - Ozocubu's Armour               Charms/Ice                   3
   d - Throw Icicle                   Conjuration/Ice              4
   e - Summon Ice Beast               Ice/Summoning                4
 k - a book of Maledictions

   Spells                             Type                      Level
   a - Corona                         Hexes                        1
   b - Ensorcelled Hibernation        Hexes/Ice                    2
   c - Confuse                        Hexes                        3
   d - Tukima's Dance                 Hexes                        3
   e - Dazzling Spray                 Conjuration/Hexes            3
Comestibles
 b - a bread ration
 c - a meat ration
 q - 4 chunks of flesh


   Skills:
 + Level 2.3 Fighting
 + Level 3.2 Dodging
 - Level 2.6 Stealth
 + Level 3.0 Spellcasting
 - Level 1.0 Conjurations
 + Level 4.0 Ice Magic


You had 2 spell levels left.
You knew the following spells:

 Your Spells              Type           Power        Failure   Level  Hunger
a - Freeze                Ice            ###.         3%          1    None
b - Ozocubu's Armour      Chrm/Ice       #.......     24%         3    ###....
c - Throw Icicle          Conj/Ice       ##......     67%         4    ####...


Dungeon Overview and Level Annotations

Branches:
Dungeon (3/15)

Altars:

Annotations:
D:3 Tungsten's ghost, amateur OpEE


Innate Abilities, Weirdness & Mutations

You cannot wear most types of armour.
You are very stealthy in the water. (Stealth+)
You are amphibious.
You can wear up to eight rings at the same time.
You can use your tentacles to constrict eight enemies at once.
Your skin changes colour to match your surroundings (Stealth+).
Your rubbery body absorbs attacks. (AC +1, EV +1)


Message History

Tungsten's ghost is heavily damaged.
Tungsten's ghost hits you.
Casting: Freeze
Confirm with . or Enter, or press ? or * to list all spells.
Aiming: Freeze
Press: ? - help, Shift-Dir - straight line, f/p - Tungsten's ghost
Aim: Tungsten's ghost, wielding a weapon of protection (heavily damaged)
You freeze Tungsten's ghost.
Tungsten's ghost is heavily damaged.
Tungsten's ghost closely misses you.
Casting: Freeze
Confirm with . or Enter, or press ? or * to list all spells.
Aiming: Freeze
Press: ? - help, Shift-Dir - straight line, f/p - Tungsten's ghost
Aim: Tungsten's ghost, wielding a weapon of protection (heavily damaged)
You freeze Tungsten's ghost.
Tungsten's ghost is severely damaged.
Tungsten's ghost casts a spell at you. The stone arrow hits you!
You die...

#...# .. ##...####### #
#....?#.... # #.......#
### # #.......# #.# #
#.#...#.###.# #
#####(#.......# ##
#.......#.###.#######.
####.@#...# #.......#.
#.W....# #.......#.
#....### #......<#.
......####.#######.
>......#.....# ##
.$......#.#.### ##
.........#.#.########.
..........###.......###
... ##.#.##.###


You could see Tungsten's ghost.

Vanquished Creatures
  3 gnolls (D:3)
  6 adders
  An ooze (D:1)
  2 worms
  3 dart slugs
  3 leopard geckos
  3 orcs (D:3)
  9 bats
  3 giant cockroaches
  9 goblins
  9 hobgoblins
  3 jackals (D:3)
  9 kobolds
  A quokka (D:2)
  A ball python (D:1)
  6 frilled lizards
  6 rats
77 creatures vanquished.

Notes
Turn   | Place    | Note
-------+----------+-------------------------------------------
     0 | D:1      | Kareekexe the Octopode Ice Elementalist began the quest for the Orb.
     0 | D:1      | Reached XP level 1. HP: 11/11 MP: 3/3
    57 | D:1      | Reached skill level 1 in Fighting
   373 | D:1      | Reached XP level 2. HP: 18/18 MP: 3/5
   732 | D:1      | Reached XP level 3. HP: 14/23 MP: 3/6
  1322 | D:2      | Learned a level 3 spell: Ozocubu's Armour
  1722 | D:2      | Reached XP level 4. HP: 15/29 MP: 4/7
  2298 | D:3      | Learned a level 4 spell: Throw Icicle
  2412 | D:3      | Reached XP level 5. HP: 24/34 MP: 5/9
  2801 | D:3      | Noticed Tungsten's ghost (amateur OpEE)
  3127 | D:3      | Reached skill level 4 in Ice Magic
  3192 | D:3      | Killed from afar by Tungsten's ghost

Vault maps used:
D:1:      roderic_crop_circles_arrival_small, minmay_heptomino_o4
D:3:      minmay_splitting_lines

Skill      XL: |  1  2  3  4  5 |
---------------+----------------+-----
Fighting       | 1 2 |  2.3
Dodging        | 3 |  3.2
Spellcasting   | 3 |  3.0
Ice Magic      | 4 |  4.0
Stealth        | |  2.6
Conjurations   | |  1.0

Action                   |  1- 3 |  4- 6 || total
-------------------------+-------+-------++-------
Melee: Unarmed           |    35 |     9 ||    44
       Constrict         |    10 |     4 ||    14
       Tentacles         |     3 |     1 ||     4
 Cast: Freeze            |    46 |    78 ||   124
 Stab: Sleeping          |     4 |       ||     4
  Eat: Chunk             |     3 |     4 ||     7
Armor: Skin              |    15 |     5 ||    20
Dodge: Dodged            |    46 |    38 ||    84
